 Dungeon Crawl Stone Soup version 0.31-a0-986-g5e6e4ef867 (webtiles) character file.

Game seed: 1155524237476985680

444 avis the Ducker (level 6, 28/28 HPs)
             Began as a Felid Artificer on Nov 7, 2023.
             Got out of the dungeon alive.
             The game lasted 00:22:33 (5427 turns).

avis the Ducker (Felid Artificer)                   Turns: 5427, Time: 00:22:34

Health: 28/28      AC:  2    Str:  8    XL:     6   Next: 72%
Magic:  8/8        EV: 22    Int: 12    God:
Gold:   211        SH:  0    Dex: 19    Spells: 2/7 levels left
                                        Lives:  0   Deaths: 2

rFire   . .          .
                       - Unarmed
rCold   . . .        (shield unavailable)
rNeg    . . .        (body armour unavailable)
rPois   .            (helmet unavailable)
rElec   .            (cloak unavailable)
rCorr   .            (gloves unavailable)
SInv    +            (boots unavailable)
Will    .....        p - amulet of magic regeneration
Stlth   ++           (no ring)
HPRegen 0.24/turn    (no ring)
MPRegen 0.51/turn

%: no passive effects
@: quick
A: very small, claws 1, fangs 3, see invisible, speed 1, shaggy fur 2, stealthy
paws, no weapons or thrown items, no armour, multi-lived
a: no special abilities


You escaped.
You visited 1 branch of the dungeon, and saw 5 of its levels.

You collected 211 gold pieces.

Inventory:

Jewellery
 p - an amulet of magic regeneration (around neck)
Wands
 a - a wand of flame (10) (quivered)
 b - a wand of charming (12)
 c - a wand of iceblast (4)
 r - a wand of mindburst (17)
Scrolls
 d - 3 scrolls of amnesia {unknown}
 e - a scroll of vulnerability {unknown}
 f - a scroll of revelation {unknown}
 g - 6 scrolls of identify {unknown}
 i - 3 scrolls of teleportation {unknown}
 o - a scroll of fog {unknown}
Potions
 h - 2 potions of mutation {unknown}
 j - 2 potions of haste {unknown}
 k - 4 potions of curing {unknown}
 l - 3 potions of resistance {unknown}
 m - a potion of degeneration {unknown}
 n - a potion of brilliance {unknown}
 q - a potion of berserk rage {unknown}


   Skills:
 - Level 3.0 Fighting
 * Level 7.6 Dodging
 - Level 2.0 Stealth
 - Level 2.0 Unarmed Combat
 - Level 1.0 Spellcasting
 - Level 4.0 Evocations


You had 2 spell levels left.
You knew the following spells:

 Your Spells              Type           Power      Damage    Failure   Level
e - Wereblood             Tmut           0%         N/A       41%         2
o - Ozocubu's Armour      Ice            0%         N/A       65%         3

Your spell library contained the following spells:

 Spells                   Type           Power      Damage    Failure   Level
 Ensorcelled Hibernation  Hex/Ice        0%         N/A       41%         2
 Passwall                 Tmut/Erth      0%         N/A       41%         2
 Sublimation of Blood     Necr           0%         N/A       41%         2
 Swiftness                Air            0%         N/A       65%         3
 Metabolic Englaciation   Hex/Ice        0%         N/A       100%        5
 Summon Forest            Summ/Tloc      0%         N/A       100%        5
 Eringya's Noxious Bog    Tmut/Pois      0%         4d6       100%        6
 Simulacrum               Ice/Necr       0%         N/A       100%        6
 Summon Hydra             Summ           0%         N/A       100%        7


Dungeon Overview and Level Annotations

Branches:
Dungeon (5/15)
 Temple: D:4-7

Altars:
Ashenzari
Okawaru
Wu Jian

Shops:
D:1 :(?   D:3 (

Annotations:
D:2 1 runed translucent door, exclusion: door, Crazy Yiuf


Innate Abilities, Weirdness & Mutations

You have sharp claws.
You have razor-sharp teeth.
You have supernaturally acute eyesight. (SInv)
You cover ground quickly. (Speed+)
You are covered in thick fur. (AC +2)
Your paws help you pounce on unaware monsters.
You are incapable of wielding weapons or throwing items.
You cannot wear armour.
You gain extra lives every three experience levels.


Message History

You scratch the gnoll.
The gnoll is moderately wounded.
The gnoll completely misses you.
The gnoll sergeant hits you from afar with a +2 trident of flaming!
The gnoll sergeant burns you. The dart slug completely misses you.
The gnoll completely misses you.
The gnoll sergeant blocks your ogre's attack.
You scratch the gnoll. You bite the gnoll.
The gnoll is heavily wounded.
The gnoll completely misses you.
The gnoll sergeant hits you from afar with a +2 trident of flaming!
* * * LOW HITPOINT WARNING * * *
The gnoll sergeant burns you!
You die...
The dart slug launches a dart at you. The slug dart hits your lifeless body.
The gnoll barely misses you.
You rejoin the land of the living...
What level of the Dungeon? (default 4, ? - help)
There is a stone staircase leading up here.
You climb upwards.
There is a stone staircase leading down here.
There is a stone staircase leading up here.
You climb upwards.
There is a stone staircase leading down here.
Things that are here:
a +0 heavy hand axe; an orc skeleton You see here a +0 dagger.
There is a stone staircase leading up here.
You climb upwards.
Level annotation: 1 runed translucent door, exclusion: door, Crazy Yiuf
There is a stone staircase leading down here.
There is a stone staircase leading up here.
You climb upwards.
There is a stone staircase leading down here.
You see here a +0 dagger.
There is an open door here.
There is an open door here.
You see here a +0 robe.
There is a staircase leading out of the dungeon here.
You have escaped!

.......'...........# #....
.......#.#####.##############....
.......#.#.......................
>.######.#.....##############....
#.# #.####### ##### #.# #.# #
#.######.# ########### ######
#........# #.........# ###.....
..######## #.⌠..@..⌠.# #.......
#.# #.........# #....... #.#
####...#### #....... #.# #...#
#....... #.# ####...#### #.......
#.### #.........# #....... ....#
#.......^.# ###'#### ....#
#.........# #.....# )...#
####...#### #.....#


There were no monsters in sight!

Vanquished Creatures
  2 scorpions (D:5)
  A howler monkey (D:4)
  A jelly (D:4)
  A hound (D:5)
  2 orc priests
  An iguana (D:5)
  A sleepcap (D:4)
  An orc wizard (D:5)
  An adder (D:3)
  A worm (D:3)
  A dart slug (D:1)
  15 orcs
  6 endoplasms
  2 giant cockroaches (D:1)
  6 goblins
  4 hobgoblins
  2 quokkas
  2 ball pythons
  5 bats
  3 frilled lizards (D:1)
  6 kobolds
  6 rats
70 creatures vanquished.

Vanquished Creatures (collateral kills)
  3 jackals (D:5)
3 creatures vanquished.

Vanquished Creatures (others)
  An ogre (D:5)
1 creature vanquished.

Grand Total: 74 creatures vanquished

Notes
Turn   | Place    | Note
-------+----------+-------------------------------------------
     0 | D:1      | avis the Felid Artificer began the quest for the Orb.
     0 | D:1      | Reached XP level 1. HP: 9/9 MP: 2/2
    70 | D:1      | Reached skill level 1 in Unarmed Combat
   154 | D:1      | Found Rotu's Weapon Shoppe.
   194 | D:1      | Found Hittolo's Magic Scroll Shop.
   207 | D:1      | Reached XP level 2. HP: 13/13 MP: 3/3
   252 | D:1      | Found Suhiz's Book Shoppe.
  1163 | D:2      | Reached XP level 3. HP: 6/16 MP: 4/4
  1343 | D:2      | Found an iron altar of Okawaru.
  1526 | D:2      | Found a runed translucent door.
  1527 | D:2      | Noticed Crazy Yiuf
  1972 | D:3      | Reached XP level 4. HP: 21/21 MP: 5/5
  2168 | D:3      | Reached skill level 4 in Dodging
  2333 | D:3      | Found Zosmeh's Antique Weapon Boutique.
  2342 | D:3      | Identified the +4 ring mail of Gyohint {rN+ Stlth+}
  2764 | D:4      | Found an ornate altar of the Wu Jian Council.
  2800 | D:3      | Learned a level 3 spell: Ozocubu's Armour
  2822 | D:4      | Found a broken altar of Ashenzari.
  3112 | D:4      | Reached skill level 5 in Dodging
  3112 | D:4      | Reached XP level 5. HP: 22/24 MP: 6/6
  3569 | D:3      | Reached skill level 6 in Dodging
  3691 | D:4      | Identified the +7 hand axe of Hubris {flame, Int+5}
  4145 | D:4      | Splashed by a jelly's acid
  4282 | D:5      | Entered Level 5 of the Dungeon
  4401 | D:5      | Learned a level 2 spell: Wereblood
  4477 | D:5      | Gained mutation: You are covered in thick fur. (AC +2)
                  | [Felid growth]
  4477 | D:5      | Reached XP level 6. HP: 24/28 MP: 8/8
  4479 | D:5      | Reached skill level 1 in Spellcasting
  4915 | D:5      | Reached skill level 7 in Dodging
  5221 | D:5      | Slain by a gnoll sergeant
  5427 | D:$      | Got out of the dungeon alive.

Illustrated notes

Levels and vault maps discovered:
D:1:      minmay_arrival_hallway, layout_basic, serial_shops,
          nicolae_shop_hallway_plus, shop, nicolae_shop_tiny_statue_garden
D:2:      cheibrodos_pilgrimage, layout_basic, basic_altar,
          uniq_crazy_yiuf_cottage
D:3:      layout_rooms, serial_shops, nicolae_shop_advertising_works
          [nicolae_subvault_shop_adworks], minmay_misc_feat_tiny,
          kennysheep_flooded_box, saegor_snake_ambush
D:4:      layout_layer_cave, mainiacjoe_overflow_catwalk_spiral,
          nicolae_underground_beach
D:5:      layout_basic, kennysheep_generic_room_8

Skill      XL: |  1  2  3  4  5  6 |
---------------+-------------------+-----
Unarmed Combat | 1 2 |  2.0
Fighting       | 2 3 |  3.0
Dodging        | 5 6 7 |  7.6
Stealth        | 2 |  2.0
Evocations     | 4 |  4.0
Spellcasting   | 1 |  1.0

Action                     |  1- 3 |  4- 6 || total
---------------------------+-------+-------++-------
  Melee: Unarmed           |    88 |   182 ||   270
         Bite              |    16 |    20 ||    36
         Punch             |       |     7 ||     7
  Evoke: Wand              |       |    10 ||    10
   Stab: Sleeping          |     6 |     3 ||     9
         Distracted        |       |     1 ||     1
 Armour: Skin              |    23 |    45 ||    68
  Dodge: Dodged            |    49 |   145 ||   194

Table legend: (Time is in decaauts)
 A = Elapsed time spent in this place.
 B = Non-inter-level travel time spent in this place.
 C = Inter-level travel time spent in this place.
 D = Time resting spent in this place.
 E = Time spent auto-exploring this place.
 F = Levels seen in this place.
 G = Mean time per level.
                   A        B        C        D        E       F      G
               +--------+--------+--------+--------+--------+-----+--------+
         Total |   4581 |   3928 |    653 |    610 |   2358 |   5 |  916.2 |
       Dungeon |   4581 |   3928 |    653 |    610 |   2358 |   5 |  916.2 |
               +--------+--------+--------+--------+--------+-----+--------+

Top non-repeatable levels by time:
     D:4: 1284 daAuts
     D:1: 1010 daAuts
     D:3: 893 daAuts
     D:5: 738 daAuts
     D:2: 654 daAuts
